 Dungeon Sprint DCSS version 0.29.1-15-g9cfb28693d (webtiles) character file.

Game seed: 3271434235242316881

53 GigaChad the Shield-Bearer (level 4, -1/39 HPs)
             Began as a Formicid Fighter on Mar 30, 2023.
             Was an Initiate of Gozag.
             Slain by an orc priest
             ... wielding a +0 mace
              (7 damage)
             ... in the Dungeon (Sprint VII: "The Pits").
             The game lasted 00:01:06 (465 turns).

GigaChad the Shield-Bearer (Formicid Fighter)        Turns: 465, Time: 00:01:07

Health: -1/39      AC: 12    Str: 23    XL:     4   Next: 11%
Magic:  4/4        EV:  8    Int:  7    God:    Gozag
Gold:   495        SH:  5    Dex: 13    Spells: 3/3 levels left

rFire   . . .      SeeInvis +   a - +0 war axe
rCold   . . .      Faith    .   c - +0 buckler
rNeg    . . .      Spirit   .   k - +3 chain mail
rPois   .          Reflect  .   (helmet unavailable)
rElec   .          Harm     .   (no cloak)
rCorr   .          Rampage  .   (no gloves)
Will    .....                   (no boots)
Stlth   ..........              (no amulet)
HPRegen 0.13/turn               (no ring)
MPRegen 0.09/turn               (no ring)

@: no status effects
A: permanent stasis, dig shafts and tunnels, antennae 3, four strong arms
a: Dig, Renounce Religion, Potion Petition, Call Merchant, Bribe Branch


You were in the Dungeon.
You worshipped Gozag.
Gozag was aware of your devotion.
You visited 1 branch You collected 495 gold pieces.

Inventory:

Hand Weapons
 a - a +0 war axe (weapon)
Armour
 b - a +0 scale mail
 c - a +0 buckler (worn)
 k - a +3 chain mail (worn)
Scrolls
 i - 5 scrolls of amnesia
 j - a scroll of summoning
Potions
 d - a potion of might
 e - 6 potions of curing
 f - 6 potions of heal wounds
 g - 4 potions of magic
 h - 2 potions of invisibility


   Skills:
 + Level 5.4 Fighting
 + Level 3.2 Axes
 + Level 5.1 Armour
 + Level 0.4 Dodging
 + Level 6.4 Shields


You had 3 spell levels left.
You didn't know any spells.
Your spell library was empty.

Dungeon Overview and Level Annotations

Branches:
Dungeon (1/1)

Altars:
Ashenzari
Cheibriados
Dithmenos
Elyvilon
Fedhas
Gozag
Hepliaklqana
Kikubaaqudgha
Makhleb
Nemelex Xobeh
Okawaru
Qazlal
Ru
Sif Muna
Trog
Uskayaw
Vehumet
Wu Jian
Xom
Yredelemnul
Zin
The Shining One
Jiyva
Lugonu

Annotations:
D Crazy Yiuf


Innate Abilities, Weirdness & Mutations

You cannot be hasted, slowed, berserked, paralysed or teleported.
You can dig through walls and to a lower floor.
You have a pair of large antennae on your head. (SInv)
Your four strong arms can wield two-handed weapons with a shield.


Message History

The orc priest hits you but does no damage.
Crazy Yiuf laughs, "Gnoll broken snail!"
You block the orc priest's attack.
You completely miss the orc priest.
The orc priest is moderately wounded.
The orc priest looks satisfied for a moment.
You closely miss the orc priest.
The orc priest is moderately wounded.
A river rat comes into view.
The orc priest calls down the wrath of Beogh upon you.
Beogh smites you!
The orc priest mumbles some strange prayers to Beogh against you.
Pain shoots through your body!
* * * LOW HITPOINT WARNING * * *
You are too injured to fight recklessly!
Unknown command.
You are too injured to fight recklessly!
You are too injured to fight recklessly!
Unknown command.
You are too injured to fight recklessly!
You slash the orc priest!
The orc priest is severely wounded.
The orc priest hits you with a +0 mace.
* * * LOW HITPOINT WARNING * * *
An orc warrior comes into view.
It is wielding a +0 glaive and quivering silver boomerangs.
You barely miss the orc priest.
The orc priest is severely wounded.
The orc warrior shouts!
The orc priest hits you but does no damage. x2
You hit the orc priest but do no damage.
The orc priest is severely wounded.
The orc priest hits you with a +0 mace.
* * * LOW HITPOINT WARNING * * *
An orc priest comes into view. It is wielding a +0 falchion.
You closely miss the orc priest.
The orc priest is severely wounded.
The orc priest shouts!
You hear a shout! x2
The orc priest hits you with a +0 mace!
You die...
Your body crumbles into a pile of gold.

#.?(!')))'.##.....
##########.##.....
#...........'.....
#'#####'#####.....
#.#..#..#..##.....
#.#..'..#))#####'#
#.#..####))##.....
#.#..#..#))##.....
#@#..#..#[.##.....
#o##'#..#'###...<.
#g#........##.....
#S#........##.....
#r###########.....
#o. {{ {{ ######
#.## { { #o# { {
{{ #.# { { {


You could see an orc warrior, Crazy Yiuf, 2 orc priests, an adder and a river
rat.

Vanquished Creatures
  A mummy (D)
  4 adders (D)
  A hobgoblin (D)
  A bat (D)
  A frilled lizard (D)
  A jackal skeleton (D)
  A rat (D)
10 creatures vanquished.

Notes
Turn   | Place    | Note
-------+----------+-------------------------------------------
     0 | D        | GigaChad the Formicid Fighter began the quest for the Orb.
     0 | D        | Reached XP level 1. HP: 18/18 MP: 1/1
    45 | D        | Found a bloodstained altar of Trog.
    45 | D        | Found a shimmering blue altar of Sif Muna.
    45 | D        | Found a viscous altar of Jiyva.
    45 | D        | Found a hazy altar of Hepliaklqana.
    45 | D        | Found an opulent altar of Gozag.
    46 | D        | Found a glowing golden altar of the Shining One.
    46 | D        | Found a glowing silver altar of Zin.
    46 | D        | Found a basalt altar of Yredelemnul.
    46 | D        | Found a shimmering altar of Xom.
    46 | D        | Found an ornate altar of the Wu Jian Council.
    46 | D        | Found a sacrificial altar of Ru.
    46 | D        | Found a stormy altar of Qazlal.
    46 | D        | Found an iron altar of Okawaru.
    46 | D        | Found a sparkling altar of Nemelex Xobeh.
    46 | D        | Found a burning altar of Makhleb.
    46 | D        | Found a blossoming altar of Fedhas.
    46 | D        | Found a white marble altar of Elyvilon.
    46 | D        | Found a shadowy altar of Dithmenos.
    46 | D        | Found a snail-covered altar of Cheibriados.
    48 | D        | Found a radiant altar of Vehumet.
    48 | D        | Found a corrupted altar of Lugonu.
    49 | D        | Found a hide-covered altar of Uskayaw.
    49 | D        | Found an ancient bone altar of Kikubaaqudgha.
    49 | D        | Found a broken altar of Ashenzari.
    55 | D        | Became a worshipper of Gozag Ym Sagoz the Greedy
    81 | D        | Reached skill level 5 in Shields
    81 | D        | Reached XP level 2. HP: 25/25 MP: 2/2
    87 | D        | Reached XP level 3. HP: 29/31 MP: 3/3
    96 | D        | Reached skill level 5 in Fighting
   113 | D        | Reached skill level 6 in Shields
   121 | D        | Reached skill level 5 in Armour
   121 | D        | Reached XP level 4. HP: 30/39 MP: 4/4
   446 | D        | Noticed Crazy Yiuf
   462 | D        | Noticed an orc warrior
   465 | D        | Slain by an orc priest

Illustrated notes

Levels and vault maps discovered:
D:        pitsprint [storerooms_1, entrance_room_1, metal_vault_6, armoury_2,
          mini_pit_1, grid_room_1, main_hall_1, silver_pit, the_coven_3,
          the_vestibule_1, steel_vault_2, golden_pit, hallway_of_sentries,
          crystal_vault_1, iron_vault_1, final_vault]

Skill      XL: |  1  2  3 |
---------------+----------+-----
Fighting       | 4 5 |  5.4
Armour         | 4 5 |  5.1
Shields        | 5 6 |  6.4
Axes           | 3 |  3.2
Dodging        | |  0.4

Action                   |  1- 3 |  4- 6 || total
-------------------------+-------+-------++-------
Melee: War axe           |    26 |     8 ||    34
Armor: Scale mail        |    19 |       ||    19
       Chain mail        |       |     3 ||     3
Dodge: Dodged            |    15 |     1 ||    16
Block: Buckler           |    11 |     1 ||    12
